Workbook
Name Process: "process, label, store"

Sheet Cover
D1: Woodmark Forest Certification Public Report
A3: Forest Manager/Owner (Certificate Holder): | D3: Ottawa Valley Forest Inc.
A5: Forest Name: | D5: Ottawa Valley Forest
A6: Country: | D6: Canada
A7: Standard: | D7: Woodmark Adapted Standard for Great Lakes St Lawrence Region in Canada (v1.2; 2014)
A8: Certificate code: | D8: SA-FM/COC-002701
A9: FSC® Trademark licence code: | D9: FSC-C102825
A10: Date of certificate issue: | D10: 16th November 2015
A11: Date of expiry of certificate: | D11: 15th November 2020
A13: Table of contents:
D14: 1. Basic Info
D15: 2. Findings
D16: 3. Main Assessment Certification Process
D17: 4. Admin
D18: 5. Main Assessment Forest details
D19: 6. Surveillance 1 (S1)
D20: 7. Surveillance 2 (S2)
D21: 8. Surveillance 3 (S3)
D22: 9. Surveillance 4 (S4)
C23: Annexes: | D23: A1: Forest Management Standard (A1 FM Std)
D24: A2: Consultation
D25: A3: Species list
D26: A4: CITES list (for reference)
D27: A5: Additional Info
D28: A10: Glossary
D29: A11: Certification Decision form
D30: A12: Product Schedule
D31: A13: ILO Conventions (for reference)
D32: A14: Product Codes (for reference)
D33: A15: Translation requirements (for reference)
B35: Assessment date | C35: Date Report Finalised/ Updated | D35: Woodmark Auditor | E35: Checked by | F35: Approved by
A36: MA | B36: September 10-13, 2015 | C36: 42318 | D36: Larry Nall, Lead Auditor; Dean Johnson, local auditor. | E36: Larissa Chambers | F36: Larissa Chambers
A37: S1 | B37: 22-24 Sept 2016 | C37: 42669 | D37: Milan Reška, Lead Auditor Larry Nall, Regional Expert | E37: Oliviu Iorgu | F37: Janette McKay
A38: S2
A39: S3
A40: S4
A42: Please note that the main text of this report is publicly available on request
A44: Woodmark • South Plaza • Marlborough St • Bristol • BS1 3NX • United Kingdom
A45: Telephone (+44) (0) 117 914 2435 • Fax (+44) (0) 117 314 5001
A46: Email wm@soilassociation.org • www.sacert.org/woodmark
A48: Soil Association Certification Ltd • Company Registration No. 726903
A49: A wholly-owned subsidiary of the Soil Association Charity No. 20686
A51: RT-FM-001-17a Sept 15 © Produced by Soil Association Certification Limited

Sheet 1 Basic Info
A1: 1 | B1: BASIC INFORMATION
A2: 1.1 | B2: Certification Body | C2: Soil Association Woodmark
A3: 1.1.1 | B3: Certificate registration code | C3: =Cover!D8 -> SA-FM/COC-002701
A5: 1.2 | B5: Details of forest manager/owner (Certificate holder)
A6: 1.2.1 | B6: Company name and legal entity | C6: Ottawa Valley Forest Inc.
A7: 1.2.2 | B7: Contact person | C7: Nick Gooderham, R.P.F.
A8: 1.2.3 | B8: Business address | C8: 195 Brazeau Rd., RR3, Pembroke, Ontario, K8A 6W4
A9: 1.2.4 | B9: Country | C9: Canada
A10: 1.2.5 | B10: Tel | C10: (613)735-1888
A11: 1.2.6 | B11: Fax | C11: (613)735-1849
A12: 1.2.7 | B12: e-mail | C12: planning@ovfi.ca
A13: 1.2.8 | B13: web page address | C13: www.ovfi.ca
A14: 1.2.9 | B14: Application information completed by duly authorised representative | C14: Nick Gooderham, R.P.F.
A15: 1.2.10 | B15: Any particular logistics for travel arrangements? | C15: Nearest large airport, Ottawa
A17: 1.3 | B17: Scope of certificate
A18: 1.3.1 | B18: Type of certificate | C18: Single | G18: Single
A19: 1.3.2 | B19: Name(s) of the forest covered by the certificate | C19: Ottawa Valley Forest | G19: Group
A20: 1.3.3 | B20: Number of Forest Management Units (FMUs) | C20: 1 | G20: Multi-site
A21: 1.3.4 | B21: Country | C21: Canada
A22: 1.3.5 | B22: Region | C22: Ontario
A23: 1.3.6 | B23: Latitude | C23: N 45 deg, 45 min (office)
A24: 1.3.7 | B24: Longitude | C24: W 77 deg, 3 min | G24: North
A25: 1.3.8 | B25: Hemisphere | C25: North | G25: South
A26: 1.3.9 | B26: Forest Zone or Biome | C26: Temperate | G26: Boreal
G27: Temperate
A28: 1.3.10 | B28: FSC® AAF category/ies | C28: Non-SLIMF area (ha) | D28: SLIMF area (ha) | G28: Subtropical
B29: Natural Forest - Community Forestry | G29: Tropical
B30: Natural Forest- Conservation purposes | C30: =22373.5+1735.65 -> 24109.15
B31: Natural Forest - Tropical
B32: Natural Forest - Boreal
B33: Natural Forest Temperate | C33: 228217.54
B34: Plantation
C35: =SUM(C29:C34) -> 252326.69
A37: 1.4 | B37: Forest management
A38: 1.4.1 | B38: Type of enterprise | C38: Industrial
B39: Tenure management | C39: Concession
B40: Ownership | C40: Government
A41: 1.4.2 | B41: Total area (hectares) | C41: 252327
A42: 1.4.3 | B42: Forest Type | C42: Semi-Natural | G42: Natural
A43: 1.4.4 | B43: Forest Composition | C43: Broad-leaved/ Coniferous/ Coniferous dominant | G43: Plantation
A44: 1.4.5 | B44: Description of High Conservation Values present | C44: "High Conservation Value Forests in the Ottawa Valley Forest" is a 244-page document describing the criteria for designation and the types of values considered for and selected for HCVF designation. | G44: Semi-Natural & Mixed Plantation & Natural Forest
C45: Further information is available in the report and checklist
A46: 1.4.6 | B46: Plantation species category | C46: Not applicable
A47: 1.4.7 | B47: Principal Species | C47: Tree species – see Annex 3
A48: 1.4.8 | B48: Annual allowable cut (cu.m.yr) | C48: 250,026 cu meters
B49: Actual Annual Cut (cu.m.yr) | C49: 138,490 cu meters
A50: 1.4.9 | B50: Product categories | C50: Round wood / Firewood / Round wood pulp
A51: 1.4.10 | B51: Point of sale | C51: Delivered
A52: 1.4.11 | B52: Number of workers – Employees | C52: 7 (4 males, 3 females)
A53: 1.4.12 | B53: Contractors/Community/ other workers | C53: Varies
A54: 1.4.13 | B54: Pilot Project | C54: No
A55: 1.4.14 | B55: SLIMF - Small | C55: No
A56: 1.4.15 | B56: SLIMF - Low intensity | C56: No
A59: 1.4.16 | B59: Division of FMUs | C59: Number | D59: Area
B60: Less than 100 ha
B61: 100 ha – 1000 ha
B62: 1000 ha – 10,000 ha
B63: More than 10,000 ha | C63: 1 | D63: 252327
B64: Total | C64: =SUM(C60:C63) -> 1 | D64: =SUM(D60:D63) -> 252327
A66: 1.4.17 | B66: Area of forest owned/managed but excluded from scope of certification
B67: Name | C67: Area | D67: Justification
B68: None

Sheet 2 Findings
A1: DO NOT DELETE - contains drop down data | L1: Obs
L2: Minor
L3: Major
A4: 2 | B4: CORRECTIVE ACTION REGISTER | D4: =Cover!D3 -> Ottawa Valley Forest Inc. | G4: =Cover!D8 -> SA-FM/COC-002701
A5: No. | B5: Grade | C5: Non-compliance (or potential non-compliance for an Observation) | D5: Std ref | E5: Corrective Action Request | F5: Deadline | G5: Date & Evidence | H5: Status | I5: Date Closed
A7: Findings from 2015 RA
A8: 2015.1 | B8: Obs | C8: Fallen dead wood habitats may not be adequately retained in all harvest blocks. Currently in compliance, as the clearcut harvest in Block 732 is not completed yet. | D8: 6.3.8 | E8: The manager should ensure that site preparation does not result in a lack of retention of adequate levels of fallen dead wood habitats. | F8: Ongoing | G8: September 24, 2016. Site visit confirmed that down woody material was scattered from slash piles across the treatment area, and that no other site prep seen on site tour was close to non-compliance for lack of adequate down woody material. | H8: Closed | I8: 42637
A9: Findings from 2016 S1
A10: 2016.1 | B10: Minor | C10: Procedures do not include the following norms for the design and building of new roads: - Embankments and cuttings are stabilised to resist erosion, - Drains and culverts are designed to minimise erosion. In Block 653, a creek crossingon the primary road is constructed contrary to CORLAPS described in 6.5.2, and is unstable and eroding. | D10: 6.5.2 | E10: The company shall ensure that procedures include the following norms for the design and building of new roads- Embankments and cuttings are stabilised to resist erosion, - Drains and culverts are designed to minimise erosion. This applies to mitigation of poor construction of primary road in Block 653. | F10: One year after report is sent to certificate holder. | H10: Open
A26: .

Sheet 3 RA Cert process
A1: 3 | B1: THE CERTIFICATION ASSESSMENT PROCESS
A2: 3.1 | B2: Assessment dates
B3: Pre-assessment dates
B5: Main Assessment dates
B6: September 10-13, 2015
B7: Estimate of person days to implement assessment
B8: Ten person days.
A10: 3.2 | B10: Assessment team
B11: The assessment team consisted of: (give names and organisation)
B12: 1) Larry Nall, Lead Auditor, Community Solutions, Inc. B.S. Forest Management. Larry is a consulting forester, owner of a medium-sized forest management company for thirty-four years, then a Lead auditor FM/COC for seven years.
B13: 2) Dean Johnson, Local Forester, D.F. Johnson & Associates. Dean is a professional forester with 35 years of diversified forest industry experience in woodlands, manufacturing, and senior level management. He has an extensive and well-balanced background in forest management in Canada and the United States.
B15: Team members’ c.v.’s are held on file at the Woodmark office.
A17: 3.2.1 | B17: Report author
B18: Larry Nall
A20: 3.3 | B20: Report Peer review
B21: Peer review not required for Re-Assessment reports
A23: 3.4 | B23: Certification decision
B24: See annex 11
A26: 3.5 | B26: Rationale for approach to assessment
B27: The assessment involved review of relevant management planning documentation and records, site visits, discussion with forest managers and workers, and completion of the forest management checklists. Sites were selected to include areas of recent or on-going operations, areas of public access, and areas of conservation value.
A29: 3.6 | B29: Justification for selection of items and places inspected
B30: Block 502, final removal with white pine/red pine regen; Block 231, manual tending; Block 136, tree planting of mixed white and red pine; Block 200, manual tending; Block 247, tending by backpack spraying due to Blandings turtle habitat protection; Block 250, mid-canopy removal with Forest Futures funding after 2014 harvest; Block 249, active timber harvest; Block 249, water crossing with beaver baffle; Block 139, manual seeding of jack pine after blowdown salvage; Block 117, manual tending in lieu of chemical tending (costly and ineffective); Block 506, active clearcut harvest, adaptive regen prescription process; Block 475, active shelterwood harvest with feller/buncher; Block 465, active clearcut harvest; Block 520, active oak shelterwood harvest; Block 732, active clearcut harvest with minimum retention (10%) for intolerant species propagation.
A33: 3.7 | B33: Standards used (inc version and date approved)
B34: Forest management was evaluated against the Woodmark Adapted Standard for Great Lakes St Lawrence Region in Canada (v1.2; 2014). The latest copy of our adapted standard is available at www.soilassociation.org/woodmark
A36: 3.7.1 | B36: Adaptations/Modifications to standard
B37: None
A39: 3.8 | B39: Stakeholder consultation process
A40: 3.8.1 | B40: Summary of stakeholder process
B41: 27 consultees were contacted
B42: 3 responses were received
B43: Consultation documents were issued 10th July 2015 with a six week deadline for comments on the 24th August 2015.
B44: 9 interviews were held by phone or in person during audit..
B45: See A2 for summary of issues raised by stakeholders and Woodmark response
A47: 3.9 | B47: Observations
B48: Observations are recorded systematically using the Woodmark Standard and Checklist. The completed checklist is attached as Annex 1. Implementation of the Woodmark Adapted Standard for Great Lakes St Lawrence Region in Canada (v1.2; 2014) is based on evaluation of every Criterion of the FSC Principles and Criteria for Forest Stewardship (January 1999). Only minor non-compliances are considered acceptable in order for a certificate to be issued. Major non-compliances result in the issue of a pre-condition. Minor non-conformances result in the issue of a condition or observation. Pre-conditions, conditions and observations are presented in Section2 of this report. Weaknesses at indicator level are denoted with an X.
B49: Each non-compliance is described in detail in Section 2 together with a description of the proposed corrective action (Pre-Condition, Condition, Observation) This section also provides details of any actions taken to close out Conditions. The Conditions identified are to be completed within the identified timescales and will be subject to assessment and reporting at subsequent surveillance visits – see sections 6-9 of report for details of surveillance visits and Section 2 of report for close out details.
A51: 3.1 | B51: ISSUES
B52: Where an issue was difficult to assess or contradictory evidence was identified this is discussed in the section below and the conclusions drawn given.
A53: Ref | B53: Issue
B54: None
A56: 3.11 | B56: Results, Conclusions and Recommendations
B57: On the basis of the observations recorded on the attached standard and checklist annex 1 and subject to the corrective actions in section 2 of this report, it is considered that the certificate holder’s system of management, if implemented as described is capable of ensuring that all requirements of the applicable standard(s) are met over the whole forest area covered by the scope of the evaluation. And, the certificate holder has demonstrated that subject to the specified corrective actions detailed in Section 2 of this report, that the specified system of management is being implemented consistently over the whole forest area covered by the scope of the certificate.
B58: An FSC certificate has been issued for the period given on the cover page and will be maintained subject to successful performance at surveillance assessments.

Sheet 4 Admin 
A1: 4 | B1: ADMINISTRATIVE CONTEXT
A2: 4.1 | B2: Context – summary of the legislative, administrative and land use contexts in which the forest management enterprise operates, including the roles of responsible government agencies, involved in aspects of forest management (eg. harvesting, monitoring , protection, health and safety, infrastructure and other uses).
B3: The Ministry of Natural Resources and Forestry (MNRF) is the provincial government body responsible for regulating forest management on its licensee operating on crown land, and for ensuring compliance with the Crown Forest Sustainability Act. MNRF’s Statement of Environmental Values (SEV) under the Environmental Bill of Rights (EBR) is a document which describes how the purposes of the EBR are to be considered whenever decisions that might significantly affect the environment are made in the Ministry. In the development of OVFI's forest management plan, MNRF’s Statement of Environmental Values (SEV) has been considered. The plan is intended to reflect the direction set out in the SEV, and to further the objective of managing Ontario’s natural resources on a sustainable basis.
B4: The Ottawa Valley Forest Management Unit is comprised of the former Pembroke Crown Management Unit, which was established in 1996 with the amalgamation of the former Madawaska and Bonnechere Crown Management Units. In 1999, much of the responsibility for forest management on the unit was transferred from the MNRF to Ottawa Valley Forest Inc. (OVFI) under a Sustainable Forest Licence (SFL). As the SFL-holder, Ottawa Valley Forest Inc. requested a name change for the management unit that would be consistent with the name of the licensee. Effective April 1, 1999 the Pembroke Crown Management Unit was renamed the Ottawa Valley Forest.
B5: The Ottawa Valley Forest Management Unit is comprised of the former Pembroke Crown Management Unit, which was established in 1996 with the amalgamation of the former Madawaska and Bonnechere Crown Management Units. In 1999, much of the responsibility for forest management on the unit was transferred from the MNRF to Ottawa Valley Forest Inc. (OVFI) under a Sustainable Forest Licence (SFL). As the SFL-holder, Ottawa Valley Forest Inc. requested a name change for the management unit that would be consistent with the name of the licensee. Effective April 1, 1999 the Pembroke Crown Management Unit was renamed the Ottawa Valley Forest.
B6: Under the authority of the Sustainable Forest Licence issued by the Minister, Ottawa Valley Forest Inc. of Pembroke has assumed financial and functional responsibility for forest management planning and the implementation of forest management activities on the Ottawa Valley Forest.
B7: The specific responsibilities of the company are detailed in the licence, but can be summarised as follows:
B8: • Forest management planning including:
B9: • the production of the forest management plan every five years;
B10: • the production of the Annual Work Schedules (AWS);
B11: • the preparation of Forest Operations Prescriptions;
B12: • monitoring and reporting achievements in Annual Reports and the Report
B13: of Past Forest Operations.
B14: • Maintenance of the Forest Resources Inventory including all inventories, tests and studies required of the SFL by the Forest Information Manual.
... B33: In 1996, the numerous wood processing facilities and logging contractors that held, or had held, licenses to harvest wood on the former Pembroke Crown Management unit were approached by the Ministry of Natural Resources to create an organisation capable of taking on the responsibilities of a Sustainable Forest Licence. Ottawa Valley Forest Inc. was formed by a partnership of interested companies to be the holder of the Sustainable Forest Licence. The operation of the company, including the distribution of the harvest allocation, is governed by a Unanimous Shareholders Agreement

Sheet 5 RA Forest
A1: 5 | B1: THE FOREST
A2: 5.1 | B2: GENERAL BACKGROUND ABOUT THE OPERATION
B3: Ottawa Valley Forest Inc. is a cooperative of eleven forest industries and logging companies and the holder of the Sustainable Forest License (SFL) for the Ottawa Valley Forest located in Renfrew County, Ontario. OVFI is responsible for forest management planning and the implementation of forest management activities on the Ottawa Valley Forest. While the whole of Renfrew County is considered to be the management unit, OVFI is only responsible for the management of Crown lands within the county that are managed for forestry purposes.
A6: 5.1.1 | B6: Type of operation and year established
B7: Sustainable Forest License holder, established in 1999.
A10: 5.2 | B10: TENURE
A11: 5.2.1 | B11: Third party tenure and use rights
B12: In 1996, the numerous wood processing facilities and logging contractors that held, or had held, licenses to harvest wood on the former Pembroke Crown Management unit were approached by the Ministry of Natural Resources and Forestry to create an organisation capable of taking on the responsibilities of a Sustainable Forest Licence. Ottawa Valley Forest Inc. was formed by a partnership of interested companies to be the holder of the Sustainable Forest Licence. The operation of the company, including the distribution of the harvest allocation, is governed by a Unanimous Shareholders Agreement
A14: 5.2.2 | B14: Forest Owner/manager’s other activity or areas managed
B15: None
A18: 5.2.3 | B18: Land use history
B19: Logging began in the Ottawa Valley in the early 1800’s with the square timber trade and reached its peak in the 1860’s and 70’s. Most of Renfrew County was "cut over" twice by the early 1900s. After almost 200 years of logging in the Ottawa Valley Forest, the forest industry remains the single greatest influence on the forest composition and landscape pattern.
A22: 5.3 | B22: SUMMARY OF FOREST MANAGEMENT
A23: 5.3.1 | B23: Structure of management organisation
B24: General Manager and Planning Forester-Nick Gooderham, RPF
B25: Finance, payroll, budget-Angela Kuehl
B26: Operations Forester-Bruce Summersby, RPF. FOP's, plans harvests and roads.
B27: Liz Cobb, forest technician-GIS, silviculture records; renewal and tending;silvicultural effectiveness monitoring.
B28: Tom Boudreau-senior compliance technician-oversite of compliance program, audits tree marking, does FOP's.
B29: Nadja Morin, silvicultural tech
B30: Ben Doering, silvicultural assessment tech
B31: Ottawa Valley Forest Inc. was formed by a partnership of interested companies to be the holder of the Sustainable Forest Licence. The operation of the company, including the distribution of the harvest allocation, is governed by a Unanimous Shareholders Agreement. Ottawa Valley Forest Inc. has assumed financial and functional responsibility for forest management planning and the implementation of forest management activities on the Ottawa Valley Forest.
A33: 5.3.2 | B33: Description of Management System
B34: Each shareholder with harvesting rights undert the shareholders agreement has an overlapping license. Shareholders have their contracting operators for harvesting. Responsibility of shareholders include harvesting and forest renewal, road construction and maintenance (partly funded by MNRF), tending operations etc.
A36: 5.3.3 | B36: Total management area and main divisions
B37: Total forest area is 252,327 ha. The area is unofficially divided into shareholder operating areas.
A39: 5.3.4 | B39: Forest composition and forest production
B40: 194,591 ha Productive forest
B41: 22,374 ha Non-forest and non-productive
B42: 35,362 ha Protected Area
A44: 5.3.5 | B44: Management objectives
B45: The principle that healthy and diverse forest ecosystems are the key to a sustainable forest-based economy
B46: • The conservation of our natural environment the enhancement and maintenance of all forest values
B47: • Conducting the business in a professional, open and fair manner
B48: • Providing shareholders with the most cost effective and efficient forest management services and support
B49: • Promoting awareness and training for the safety and well being of forest worker
B50: • Continuous learning and the application of the best available science and knowledge
A51: 5.3.6 | B51: Silviculture and/or forest management systems
A52: 5.3.6a | B52: General Description
B53: The clearcut silvicultural system is best suited to promote light-demanding species such as poplar (trembling aspen and largetooth aspen), white birch and jack pine.
B54: The common theme in the ‘modified clearcut’ is that the majority of the dominant overstory is harvested but certain species and/or classes are retained to form part of the next stand.
B55: The clearcut is considered to be ‘modified’ when the stocking of residual stems meets the FRI minimum stocking standard of 30% (normally 10m2/ha basal area or greater).
B56: One variation of the modified clearcut involves the careful harvest of most of the dominant trees in the stand (typically poplar) and the retention of long-lived desirable species that are usually subordinate to the main canopy (typically white pine, red pine, white spruce, red oak and other tolerant hardwoods). Another variation of the modified clearcut may be to retain a residual overstory to act as a ‘nurse crop’ for desirable regeneration occurring in the understory. The strip clearcut system is a variation of the clearcut system that harvests the mature overstory in a series of strips separated by strips of retained mature trees. The retained strips provide the regenerating strip with both seed and some shelter from drying winds.
B57: Patch clearcutting is defined in the Silvicultural Guide(s) as the removal of the overstory in a small irregularly shaped, spaced and sized cut area. With patch clearcutting, the physical dimensions of clearcuts are typically between 6 and 16 hectares. ‘Patch cuts’ involve the complete removal of the overstory as in the clearcut system but are restricted to patches of one hectare or less.
B58: The shelterwood system uses the gradual removal of the overstory in a series of periodic partial cuts to create conditions suitable for the establishment and development of even-aged regeneration in the “shelter” of the overstory. An additional harvest treatment may be introduced before the regeneration cut. This harvest is called the preparatory or prep cut. Its purpose is to remove the smaller and weaker trees, as well as any undesirable species, in order to provide space for the development of full, deep crowns on the preferred seed-bearing trees. This harvest usually occurs 20 years in advance of the regeneration cut, typically at about 60 years of age.
B59: The first removal harvest may be carried out under the normal natural regeneration scenario when adequate stocking of desired regeneration has been obtained.
B60: The Selection System is a periodic, partial cutting system controlled by stocking (basal area), that uses indicators of tree vigour and risk to determine which trees should be removed. The periodic harvests maintain or create an uneven-aged condition in the stand until, over time, all ages and sizes of trees are represented. The high residual stocking and crown closure favours species that are tolerant of shade such as maple, beech and hemlock.
A62: 5.3.6b | B62: Restocking
B63: 38,121 ha since 1996, both artificial and natural regeneration in post-harvest stands whose objective is regeneration.
A65: 5.37 | B65: Principal harvesting techniques
B66: Hand falling, skidding; feller/buncher, skidding; cut-to-length harvested/forwarder.
A68: 5.4 | B68: SUSTAINED YIELD
A69: 5.4.1 | B69: Annual allowable cut (cu.m.yr)
B70: 250,026 m3/yr
A72: 5.4.2 | B72: Assumptions and sources of data on which estimates are based
B73: Forest Resource Inventory is performed by MNRF, whose responsibility it is to approve the AAC. AAC calc based on growth and yield curves adjusted by the objectives of the FMP, primarily by limitations inherent in protection for diversity and habitat. The AAC is calculated by OVFI.
A76: 5.4.3 | B76: Rationale for annual harvest in terms of volumes and species
B77: Based on Forest Resource Inventory, predicting volumes and species harvested from the Annual Harvest Area (AHA).
A79: 5.4.4 | B79: Actual historical production
B80: 772,876 cu meters harvested in last five years.
A82: 5.4.5 | B82: Current production
B83: 138,490 cu meters (decrease due to Blanding's Turtle restrictive harvest areas)
A85: 5.4.6 | B85: Projected production
B86: 140,000 cu meters
A88: 5.5 | B88: ENVIRONMENT AND BIODIVERSITY
A89: 5.5.1 | B89: General description of areas of significance for biodiversity
B90: Fifteen areas dominated by white and/or red pine that have not been disturbed in at least 30 years were set aside in 1996 as candidate old growth protection areas.
B91: There are a total of 42 provincial significant wetlands documented in the Natural Resource Values Information System in the Ottawa Valley Forest, covering 17,146 hectares. Crown land portions of some evaluated wetlands will be protected by designation as Conservation Reserves under the Public Lands Act. Populations of rare trees encountered at the stand level will be maintained or enhanced using site specific Forest Operations Prescriptions. Collectively, the Provincial Parks, Conservation Reserves, Enhanced Management Areas and ANSIs within the Ottawa Valley Forest contribute to Ontario’s goals of protecting representative ecosystems and natural features.
B92: Management Areas and ANSIs within the Ottawa Valley Forest contribute to Ontario’s goals of protecting representative ecosystems and natural features.
A94: 5.5.2 | B94: Description of High Conservation Values present
B95: The following HCVF values were identified in the HCVF assessment report: Sources of information: FMP, the SAR list for Pembroke District, HCVFs considered in adjacent or comparable FSC HCVF reports, or suggested by reviewers or local experts Following the analysis, the study resulted in identification of 19 HCVFs and 5 potential HCVFs (Flooded Jellyskin has been removed from the ESA list) which are summarized in the Table 2 of the report – Summary of Value by HCV Status, Category, and Question
A98: 5.5.2a | B98: Area of HCV Areas and Area of Protected forest
B99: 252,327 ha High Conservation Value Areas
B100: 34,257 ha Protected forest.
A102: 5.5.3 | B102: Chemical use - record quanitity of all chemicals used in the past year together with justification of use.
B103: Forza, 129 liters; Garlon XRT, 190 liters; Vison Max, 1420 liters. Chemical use is prescribed where the alternative treatments are not effective, or are cost prohibitive, or both.
A108: 5.6 | B108: SOCIAL AND COMMUNITY ISSUES
B109: The company has been advised that parcels that will leave Crown ownership, once the Final Agreement is signed between the Algonquins and Ontario, will be managed by OVFI until the end of the management plan (2021). Endangered species regulations for seasonal closures for Blanding turtles is seriously impacting the harvesters economically, because activity is restricted in some prime operating months.
A113: 5.7 | B113: SUMMARY OF MONITORING ACTIVITIES
B114: Following requirements of Part E of the Forest Management Planning Manual (FMPM), OVFI follows an annual reporting policy. The final year of the FMP requires a fifth year report. The Crown Forest Sustainability Act requires an independent third-party audit every five years, which monitors the efficacy of OVFI's management practices and compares them to the FMP. Certified compliance inspectors (trained and certified by MNRF- One week training program carried out by MNRF with all inspectors.) operate at the MNRF, OVF and shareholder level  Level of monitoring by the compliance inspectors: - Shareholder level compliance - OVFI level compliance - MNRF Pembroke District compliance
A116: 5.8 | B116: OTHER ACTIVITIES
A117: 5.8.1 | B117: Summary of non forestry activities being undertaken within the management area
B118: Hunting and recreation activities as well as Non Timber Forest products (NTFPs) harvesting may take part in the forest area
A120: 5.8.2 | B120: Impacts
B121: Potential impacts could be: water crossing issues, dumping, litter.
B122: OVFI is providing adequate access, while forest management objectives are protected.
A125: 5.9 | B125: TRACKING, TRACING AND IDENTIFICATION OF PRODUCTS
A126: 5.9.1 | B126: Key risk areas for mixing certified and non-certified products from the forest area
B127: At the manufacturing facilities, although most are certified for CoC. The company developed procedures to ensure risk are addressed.
A131: 5.9.2 | B131: Control systems - Systems and Documents used to control material flow
B132: The licensee receives an Authority to Haul Unscaled Crown Forest Resources permit. The licensee will ensure that each load leaving the place of harvesting is
B133: accompanied by a Bill of Lading showing the date, delivery point, FSC COC code, FSC claim, and Ministry Approval number. The Bill of Lading must be turned in at the point of delivery or measurement site.
A136: 5.9.3 | B136: Identification of certified forest products
B137: The certified product will be identified by the Bill of Lading and invoice.
B138: Information in the bill of lading include: transport date and hour, FSC COC code, District, licence, approval number, cut block number, transport vehicle type and ID, product type, species, contractor, measuring point, final destination. Invoices for products sold with FSC claims will include the following: Name and contact details of COMPANY; Chain of Custody certification code of COMPANY; Name and address of customer; Date of the invoice; Description of the product sold with an FSC claim; Quantity of product sold with FSC claim.
A141: 5.9.4 | B141: Point at which scope of joint forest and chain of custody ends
B142: The chain of custody from OVFI ends at the manufacturing facility.
A144: 5.9.5 | B144: Secondary Processing by Forest Manager
B145: None
A147: 5.1 | B147: MAP(S)
...

Sheet 6 S1
A1: 6 | B1: FIRST SURVEILLANCE
A2: 6.1 | B2: Surveillance Assessment dates
B3: =+Cover!B37 -> 22-24 Sept 2016
A5: 6.2 | B5: Estimate of person days to complete surveillance assessment
B6: Summary of person days - preparatory work 2 days, - actual audit days and consultation 6 days, - report writing (excluding travel) 1 day
A8: 6.3 | B8: Surveillance Assessment team
B9: The assessment team consisted of:
B10: Milan Reška - Lead Auditor. MSc Forestry. Experience in forestry and forest management, wood industry, and nature protection, both in private sector and in state service, in Europe and overseas. He has been carrying out FSC certifications for Woodmark since 2001 in Europe, South America, and North Asia.
B11: Larry Nall, Regional Expert. Community Solutions, Inc. B.S. Forest Management. Larry is a consulting forester, owner of a medium-sized forest management company for thirty-four years, then a Lead auditor FM/COC for seven years..
B12: Team members’ c.v.’s are held on file.
A14: 6.3.1 | B14: Report author
B15: Milan Reška
A17: 6.4 | B17: Assessment process
B18: The assessment involved review of relevant management planning documentation and records, site visits, discussion with forest managers and workers and completion of the forest management checklists. Sites were selected to include areas of recent or on-going operations, areas of public access, and areas of conservation value.
A20: 6.4.1 | B20: Criteria assessed at audit
B21: The following principles and criteria were assessed:
B22: Principles 7+8+9 2.3, 4.2, 4.4, 6.7, 6.2, 6.3, 6.9, 9.4.
A24: 6.5 | B24: Stakeholder consultation
B25: 50 consultees were contacted
B26: 2 responses were received
B27: Consultation was carried out on 14.June.2016, and during the audit
B28: 9 visits/interviews were held in person during audit
B29: See A2 for summary of issues raised by stakeholders and Woodmark response
A31: 6.6 | B31: Review of corrective actions
B32: Action taken in relation to previously issued conditions is reviewed given in Section 2 of this report.
A34: 6.7 | B34: Justification for selection of items and places inspected
B35: 42635
B36: Office: opening meeting, overview of the recent and planned activies
B37: 42636
B38: Office: management documentation and records reviewed in office with manager
B39: Site visits:
B40: Block 502_96, manual tending of a white pine/red pine sapling stand; Block 117_01, manual tending; Block 106_01, aerial spray of sapling red and white pine to release from hardwood competition; Project No. 834-1-R35, mid-canopy removal to release stagnating planted conifers; Block 153, active clearcut intended to naturally regenerate poplar
B41: Block 129, manual tending to release red spruce and yellow birch; Block 140, seed tree harvest and mid-canopy removal; Block 139, white pine shelterwood chemical site prep; Block 138, white pine planting after chemical site prep under white pine shelterwood; Block 142, clearcut with seed tree, mid-canopy removal, mechanical site prep active.
B43: 42637
B44: Site visits:
B45: Block 653, selection harvest, red oak shelterwood, water crossing issue; Block 753, clearcut with planned red pine and spruce planting; Block 732, clearcut, site of 2015 observation, down woody material scattered in treatment area after having been piled;
B46: Block 520, tolerant hardwood shelterwood, red oad shelterwood with chemical site prep and summer red oak plant; Grassy Lake Road, culvert replacement; Block 883, white pine plant under shelterwood.
B48: - meeting stakeholders - office: planning, and other management documentation, monitoring records - closing meeting
A50: 6.7.1 | B50: Records reviewed:
A51: a) | B51: Complaints received
B52: One operator creates impacts in his road building and water crossing construction. See Findings, CAR 2016.1
A53: b) | B53: Number of accidents in forest work (serious / fatal) since last audit:
B54: No accident since last audit
A55: c) | B55: List of chems with quantative data and rationale in past year:
B56: Glyphosate: 468,2 litres, on 1552,5 ha Triclopyr (3,5,6-Trichloro-2-pyridinyloxyacetic acid) 85,3 litres, 190,1 hectares
A57: d) | B57: Training records:
B58: The company maintains a binder on training. More details in A1 FM checklist
A59: e) | B59: Operational plan(s) for next 12 months:
B60: The Annual Work Schedule is available by link on the company website.
A61: f) | B61: Inventory records:
B62: The inventory records are part of the current FMP April 2011- March 2021 The total harvest in 2014‐2015 was 1,834 hectares, comprised of 25 hectares of salvage harvest and 1,809 hectares of planned harvest from Phase 1 (2011‐2016) of the 2011‐2021 FMP.
A63: g) | B63: Harvesting records:
B64: Auditors verified the FMP, as well as Harvest Monitoring Report, an internal document, reported by area accomplished by each licensee broken down by area bypassed, harvested, and not accomplished. The total harvest in 2014‐2015 was 1,834 hectares, comprised of 25 hectares of salvage harvest and 1,809 hectares of planned harvest from Phase 1 (2011‐2016) of the 2011‐2021 FMP.
A65: h) | B65: Records of sales of FSC certified products:
B66: The company sells no products. This is a shareholder function. The logs pass from FM to the owners through the Bill of Lading, with info containing volume, product, FSC100%, SA-FM/COC-002701, e.g. BoL 166576 of 15th Sept 2016.
A67: i) | B67: Groups only: Formal communication/written documents sent to group members by group manager in last year:
B68: N/A
A70: 6.8 | B70: Tracking, tracing and identification of products
B71: The company sells no products. This is a shareholder function. The logs pass from FM to the owners through the Bill of Lading, with info containing volume, product, FSC100%, SA-FM/COC-002701, e.g. BoL 166576 of 15th Sept 2016.
A74: 6.9 | B74: Secondary Processing by Forest Manager
B75: None
A78: 6.1 | B78: Adaptations/Modifications to Standard(s)
B79: There were no changes to the standard used in the previous assessment
A81: 6.11 | B81: Confirmation of scope
B82: The assessment team reviewed the current scope of the certificate in terms of FSC certified forest area and products being produced. There was no change since the previous evaluation.
A84: 6.12 | B84: Changes to management situation
B85: The assessment team reviewed the management situation. No material changes to the management situation were noted.
A87: 6.13 | B87: Results of surveillance assessment
B88: Results of the surveillance assessment are recorded in the standard and checklist Annex 1 and any Non-compliances identified are given in Section 2 of this report. See also Issues arising below.
A90: 6.14 | B90: Issues arising
B91: Where an issue was difficult to assess or contradictory evidence was identified this is discussed in the section below as an Issue and the conclusions drawn given.
A92: Ref | B92: Issue
A94: FSC x.x

Sheet A1 FM checklist
A1: ANNEX 1 FOREST MANAGEMENT STANDARD
C3: Adapted Standard version:
C4: Woodmark Adapted Standard for Great Lakes St Lawrence Region in Canada (v1.2; 2014)
C5: Region/Country:
C6: Great Lakes St Lawrence Region in Canada
C7: Adapted Standard date:
C8: v1.2; 2014
C9: Summary of changes since the previous audit:
C10: Added CITES species to Appendix 3 of Std
C12: NB - this checklist should be used in conjunction with the verifiers and guidance in the Woodmark Generic Standard
C14: SECTION A: FSC® TRADEMARK REQUIREMENTS FSC-STD-50-001 Requirements for use of the use of the FSC trademarks by certificate holders
B15: A1 | C15: All on-product trademark designs meet FSC Trademark requirements
B16: RA | C16: n/a no on-product trademark use to date.
B17: S1 | C17: No on-product trademark use to date.
B18: S2
B19: S3
B20: S4
B22: A2 | C22: All promotional trademark designs meet FSC Trademark requirements.
B23: RA | C23: The website logo use was approved by Woodmark in November, 2014. All trademark designs meet FSC Trademark requirements. | D23: n/a
B24: S1 | C24: E.g. Bill of Lading, with info containing volume, product, FSC100%, SA-FM/COC-002701, e.g. BoL 166576 of 15th Sept 2016. complies with FSC Trademark requirements .
B25: S2
B26: S3
B27: S4
C30: NB - this checklist should be used in conjunction with the verifiers and guidance in the Woodmark Generic Standard
A32: FSC ref | C32: Criteria/Norm | D32: Score
C34: SCORING SUMMARY
C35: =C48 -> FSC PRINCIPLE #1: COMPLIANCE WITH LAWS AND FSC PRINCIPLES Forest management shall respect all applicable laws of the country in which they occur, and international treaties and agreements to which the country is a signatory, and comply with all FSC Principles and Criteria.
C36: =C200 -> FSC PRINCIPLE #2: TENURE AND USE RIGHTS AND RESPONSIBILITIES - Long-term tenure and use rights to the land and forest resources shall be clearly defined, documented and legally established.
C37: =C288 -> FSC PRINCIPLE #3: INDIGENOUS PEOPLES' RIGHTS - The legal and customary rights of indigenous peoples to own, use and manage their lands, territories, and resources shall be recognised and respected.
C38: =C451 -> FSC PRINCIPLE #4: COMMUNITY RELATIONS AND WORKER'S RIGHTS Forest management operations shall maintain or enhance the long-term social and economic well-being of forest workers and local communities.
C39: =C688 -> FSC PRINCIPLE # 5: BENEFITS FROM THE FOREST Forest management operations shall encourage the efficient use of the forest's multiple products and services to ensure economic viability and a wide range of environmental and social benefits.
C40: =C879 -> PRINCIPLE #6: ENVIRONMENTAL IMPACT Forest management shall conserve biological diversity and its associated values, water resources, soils, and unique and fragile ecosystems and landscapes, and, by so doing, maintain the ecological functions and the integrity of the forest.
C41: =C1516 -> FSC PRINCIPLE #7: MANAGEMENT PLAN A management plan -- appropriate to the scale and intensity of the operations -- shall be written, implemented, and kept up to date. The long term objectives of management, and the means of achieving them, shall be clearly stated.
C42: =C1741 -> FSC PRINCIPLE #8: MONITORING AND ASSESSMENT Monitoring shall be conducted -- appropriate to the scale and intensity of forest management -- to assess the condition of the forest, yields of forest products, chain of custody, management activities and their social and environmental impacts.
C43: =C1892 -> FSC PRINCIPLE #9: MAINTENANCE OF HIGH CONSERVATION VALUE FORESTS Management activities in high conservation value forests shall maintain or enhance the attributes that define such forests. Decisions regarding high conservation value forests shall always be considered in the context of a precautionary approach.
C44: =C1988 -> FSC PRINCIPLE #10: PLANTATIONS Plantations shall be planned and managed in accordance with Principles and Criteria 1 - 9, and Principle 10 and its Criteria. While plantations can provide an array of social and economic benefits, and can contribute to satisfying the world's needs for forest products, they should complement the management of, reduce pressures on, and promote the restoration and conservation of natural forests. OVFI does not use plantations.
C45: ADDITIONAL REQUIREMENTS
C46: FSC TRADEMARK USE (SECTION 11) FSC-STD-40-201 FSC On product labelling requirements FSC-STD-50-201 FSC requirements for the promotional use of the FSC trademarks
A48: 1 | C48: FSC PRINCIPLE #1: COMPLIANCE WITH LAWS AND FSC PRINCIPLES Forest management shall respect all applicable laws of the country in which they occur, and international treaties and agreements to which the country is a signatory, and comply with all FSC Principles and Criteria.
A49: 1.1 | B49: 1.1 | C49: Forest management shall respect all national and local laws and administrative requirements.
A50: 1.1.1a | C50: 1.1.1a There is no-evidence of outstanding claims of non-compliance with national and local laws and administrative requirements related to forest management.
B51: RA | C51: The Ottawa Valley Forest Inc has no outstanding claims of non compliance with national and local laws and administrative requirements related to forest management. All laws related to Crown Forest Act and guides are followed. The shareholders carry out their internal inspections with certified inspectors, trained by the Ministry of Natural Resources (MNRF). OVFI and the MNRF also carry out regular inspections. Annual public reports are produced by MNRF. The MNRF is satisfied with the performance of the OVFI. | D51: √
B52: S1
B53: S2
B54: S3
B55: S4
A56: 1.1.1b | C56: 1.1.1b The manager shall demonstrate that it has a satisfactory record of compliance with legal and administrative regulations regarding forest management
B57: RA | C57: The manager has demonstrated that the compliance record is satisfactory. There is nothing on file. The MNRF indicated that the FMP has been approved, and the OVFI follows the AWS, compliance and reporting is up to date and satisfactory. | D57: √
B58: S1
B59: S2
B60: S3
B61: S4
A62: 1.1.2a | C62: 1.1.2 a Forest managers, staff and/or contractors demonstrate awareness of relevant codes of practice, guidelines or agreements and understand their obligations regarding forestry, environmental, labour and health and safety regulations
B63: RA | C63: All staff have training through the Ministry of Labour, and have certificates to demonstrate this. Up to date information is accessible regarding environment, labour and health and safety which is posted on the office bulletin board. The OVFI have a detailed health and safety policy. | D63: √
B64: =B$52 -> S1
B65: =B$53 -> S2
B66: =B$54 -> S3
B67: =B$55 -> S4
A69: 1.1.2b | C69: 1.1.2 b A system is in place whereby staff are kept up-to-date with new regulations. (See Appendix 1 for a listing of relevant provincial and national legislation).
B70: =B$51 -> RA | C70: In addition to above, annual training is carried out for any new regulations. The same training is conducted with all operators at an annual spring training workshop. If necessary training is carried out immediately. | D70: √
B71: =B$52 -> S1
B72: =B$53 -> S2
B73: =B$54 -> S3
B74: =B$55 -> S4
A75: 1.1.3 | C75: 1.1.3 There is no evidence of non-compliance with any relevant codes of practice, guidelines or agreements.
B76: =B$51 -> RA | C76: No evidence with non-compliance. Also see 111(b) above. | D76: √
B77: =B$52 -> S1
B78: =B$53 -> S2
B79: =B$54 -> S3
B80: =B$55 -> S4
A82: 1.2 | B82: 1.2 | C82: All applicable and legally prescribed fees, royalties, taxes and other charges shall be paid.
A83: 1.2.1 | C83: 1.2.1 Forest managers can provide evidence that applicable fees, royalties, taxes and other applicable charges have been paid by due date.
B84: =B$51 -> RA | C84: Stumpage fees are paid by the overlapping licensees, and the OVFI get confirmation of payment. The OVFI has not had to hold off on releasing cutting blocks because of non payment. OVFI is responsible for Revenue Canada Corporate income tax payment, payroll deductions, GST Payments and Workplace Safety and Insurance Board (WSIB) payments. All payments are up to date. | D84: √
B85: =B$52 -> S1
B86: =B$53 -> S2
B87: =B$54 -> S3
B88: =B$55 -> S4
A90: 1.3 | C90: In signatory countries, the provisions of all binding international agreements such as CITES, ILO Conventions, ITTA, and Convention on Biological Diversity, shall be respected.
A91: 1.3.1 | C91: 1.3.1 Forest managers respect CITIES provisions.
B92: =B$51 -> RA | C92: The OVFI ensures compliance with the majority of international agreements through compliance with Federal and Provincial laws. Forest managers respect CITIES provisions, however there are no species of wild flora and fauna in this region that apply. | D92: √
B93: =B$52 -> S1
B94: =B$53 -> S2
B95: =B$54 -> S3
B96: =B$55 -> S4
A98: 1.3.2 | C98: 1.3.2 Forest managers implement appropriate controls to ensure that ILO provisions appropriate to their region are respected. Implementation of the following ILO conventions is a minimum requirement for certification : 29, 87, 97, 98, 100, 105, 111, 131, 138, 141, 142, 143, 155, 169, 182, ILO Code of Practice on Safety and Health in Forest Work, Recommendation 135, Minimum Wage Fixing Recommendation, 1970.
B99: =B$51 -> RA | C99: as in 1.3.2 above. | D99: √
B100: =B$52 -> S1
B101: =B$53 -> S2
B102: =B$54 -> S3
B103: =B$55 -> S4
A105: 1.3.3 | C105: 1.3.3 No child labour is used, national minimum age provisions are adhered to.
B106: =B$51 -> RA | C106: The OVFI follows all Canada Employment laws related to minimum wages. | D106: √
B107: =B$52 -> S1
B108: =B$53 -> S2
B109: =B$54 -> S3
B110: =B$55 -> S4
A112: 1.3.4 | C112: 1.3.4 National minimum wage provisions are adhered to.
B113: =B$51 -> RA | C113: The OVFI pays well above minimum wage. | D113: √
B114: =B$52 -> S1
B115: =B$53 -> S2
...

Sheet A2 Consultation
A1: ANNEX 2 - STAKEHOLDER SUMMARY REPORT (note: similar issues may be grouped together)
A2: Audit (MA, S1..etc) | B2: Stakeholder ref number | C2: Site name (if group multi-site) | D2: Issue category | E2: Std ref | F2: Positive / Negative | G2: Issue summary | H2: Woodmark response
A3: RA | B3: 1 | D3: n/a | E3: n/a | F3: Positive | G3: "Very good planning work done by this group, schedules are up to date and harvest blocks released in a timely fashion to ensure wood gets to the mills asap." | H3: Noted
A4: RA | B4: 3 | C4: Barron Canyon and Bissett Creek | D4: n/a | E4: n/a | F4: Positive | G4: 1/ Excellent organisation to work with, respond in a timely fashion and have been very supportive regarding planning, road access, and other operational activities. 2/ From what we’ve seen, they do a very good job of sustainably managing the forest, especially in white and red pine stands. They have been a good resource for us to exchange ideas and discuss the challenges of forest management in the Great Lakes St. Lawrence Forest (GLSLF). Through their participation in the GLSLF silviculturalists group they have helped us and other forest managers advance the art and science of silviculture in the GLSLF. | H4: Noted
A5: RA | B5: 2 | D5: n/a | E5: n/a | F5: Positive and negative | G5: 1/ Doing a very good job with what they have to work with 2/ A little bit of inconsistency in tree marking 3/ Conflict with Ministry of Natural Resources - There is not a level playing field. The public has more freedom compared to forestry guidelines. Totally unreasonable concerning turtles and water crossings. | H5: The negative comment refers to MNRF's restrictive prescriptions for Blanding's turtle, a SAR, and for the tight regulation of water crossings by the company and MNRF, which is deemed necessary for environmental protection.
A6: RA | B6: 4 | C6: n/a | D6: n/a | E6: n/a | F6: Postive | G6: 1. OVFI staff are very knowledgable and proactive in addressing emerging issues. 2. The forest manager is in the process of addressing required alterations as a result of the OVF phase 2 forest management plan reviews. | H6: Noted
A7: RA | B7: 5 | D7: Roads | F7: Negative | G7: After harvest, a road was blocked with a berm preventing access to firewood and hunting areas. | H7: Going forward there is agreement to establish a committee to review road access protocol.
A8: RA | B8: 6 | D8: Value protection | F8: Positive | G8: The OVFI and its shareholders have come a long way in understanding native values and rights | H8: Noted
A9: RA | B9: 5 | D9: Harvest | F9: Negative | G9: Clear cut size too large, interfears with wildlife and hunting. | H9: Field trip planned to discuss concerns prior to harvest.
A10: RA | B10: 7 | D10: Planning | F10: Negative | G10: There is not enough funding for a proper native values Report. | H10: The MNR are responsible for setting the funding amount.
A11: RA | B11: 5 | D11: Harvest | F11: Positive | G11: Cultural Heritage Site was at risk | H11: After a field visit it was decided to put AOC reserve in several locations within the harvest block.
A12: S1 | B12: 1 | D12: Roads | F12: Negative | G12: One operator is marginal in his road building and water crossing construction. | H12: CAR 2016.1
A13: S1 | B13: 1 | C13: Beechnut Lake Rd and surrounding area | D13: Harvest | F13: Negative | G13: N: Still building too many roads. N: Road reclamation should be practised more. N: More wildlife habitat areas should be planned when large tracts of land are being harvested. N: Areas being reharvested before fully regrown. N: More wildlife habitat areas should be planned when large tracts of land are being harvested. N: Areas being reharvested before fully regrown. | H13: After subsequent email conversations with the stakeholder, he went out to the area he was complaining about and was complementary about the road practices he saw in the recently completed harvest block (also seen by the auditor). He was particularly pleased that the operations road had been blocked by the company, and the main road had been installed as a temporary operations access.
A14: S1 | B14: 2 | D14: Management | F14: Positive | G14: Effective working relationship with the Algonquins of Ontario. Willingness to address public and Indigenous concerns.
A15: S1 | B15: 3 | D15: Management | F15: Positive | G15: OVF has been an excellent organization to work with. They do a very good job of sustainably managing the forest, especially in white and red pine stands. Good resource to exchange ideas and discuss the challenges of forest management in the Great Lakes St. Lawrence Forest (GLSLF).
A16: S1 | B16: 4 | D16: Management | F16: Neutral | G16: Email not form. Requesting documents pertaining to candidate protected areas. Want to know what was submitted through audits to meet the FSC requirements pertaining to gap analysis and the identification and mapping of candidate protected areas. | H16: Plan to communicate with this stakeholder prior to the next audit
A17: S1 | B17: 5 | D17: Management | F17: Positive | G17: Generally good management in the last year
A18: S1 | B18: 5 | D18: Management | F18: Negative | G18: One operator builds marginal roads and water crossings, and in one instance, is non-compliant. | H18: CAR 2016.1 resulted from analysis of the water crossing on a site visit.

Sheet A3 Species list
A1: ANNEX 3 Species list | B1: edit species as necessary.
A2: List of main commercial timber and non-timber species included in the scope of certificate (botanical name and common name)
A4: English Name | B4: Latin Name | C4: Tick if within scope
A6: Conifer
A7: Balsam fir | B7: Abies balsamea | C7: *
A8: Grand fir | B8: Abies grandis
A9: Noble fir | B9: Abies procera
A10: Lawson cypress | B10: Chamaecyparis lawsoniana
A11: Eastern red cedar | B11: Juniperus virginiana | C11: *
A12: Eastern larch | B12: Larix laricina | C12: *
A13: Hybrid larch | B13: Larix x eurolepis
A14: White spruce | B14: Picea glauca | C14: *
A15: Red spruce | B15: Picea rubens | C15: *
A16: Black spruce | B16: Picea mariana | C16: *
A17: Eastern white pine | B17: Pinus strobus | C17: *
A18: Jack pine | B18: Pinus banksiana | C18: *
A19: Scots pine | B19: Pinus sylvestris | C19: *
A20: Douglas fir | B20: Pseudotsuga menziesii
A21: Giant sequoia | B21: Sequoiadendron giganteum
A22: Coast redwood | B22: Sequoia sempervirens
A23: Northern white cedar | B23: Thuja occidentalis | C23: *
A24: Eastern hemlock | B24: Tsuga canadensis | C24: *
A25: Other (specify)
A27: Broadleaf
A28: Red maple | B28: Acer rubrum | C28: *
A29: Sugar maple | B29: Acer saccharum | C29: *
A30: Silver maple | B30: Acer saccharinum | C30: *
A31: Sycamore | B31: Acer pseudoplatanus
A32: Alder | B32: Alnus glutinosa
A33: Yellow birch | B33: Betula alleghaniensis | C33: *
A34: White birch | B34: Betula papyrifera | C34: *
A35: Hornbeam | B35: Carpinus betulus
A36: Bitternut hickory | B36: Cary cordiformis | C36: *
A37: Sweet chestnut | B37: Castanea sativa
A38: Hawthorn | B38: Crataegus monogyna
A39: Hazel | B39: Corylus avellana
A40: Beech | B40: Fagus grandifolia | C40: *
A41: Green (red) ash | B41: Fraxinus pennsylvanica | C41: *
A42: Black Ash | B42: Fraxinus nigra | C42: *
A43: White Ash | B43: Fraxinus americana | C43: *
A44: Butternut | B44: Juglans cinerea | C44: *
A45: Balsam poplar | B45: Populus balsamifera | C45: *
A46: Large tooth aspen | B46: Populus grandidentata | C46: *
A47: Quaking aspen | B47: Populus tremuloides | C47: *
A48: Black cherry | B48: Prunus serotina | C48: *
A49: Blackthorn | B49: Prunus spinosa
A50: White oak | B50: Quercus alba | C50: *
A51: Bur oak | B51: Quercus macrocarpa | C51: *
A52: Northern red oak | B52: Quercus rubra | C52: *
A53: Sessile oak (and hybrids) | B53: Quercus petraea
A54: Willow | B54: Salix spp.
A55: Basswood | B55: Tilia americana | C55: *
A56: White elm | B56: Ulmus americana | C56: *
A57: Other (specify)

Sheet A4 CITES trees
A1: Annex C.
A2: Convention on International Trade in Endangered Species (CITES)
A3: •Appendix I - export and import permit required
A4: •Appendix II - export permit only (unless import permit required by national law)
A5: •Appendix III - export permit required where exporting from a country who included species as appendix 3
A7: Updated listing of CITES tree species may be found at:
A8: http://www.unep-wcmc.org/species/dbases/CITES-listedtrees.html
A10: Individual species can be checked on the CITES web database:
A11: http://www.cites.org/eng/resources/species.html
A13: The following list has been prepared by Woodmark to guide auditors and certificate holders in case web access is limited. It was updated April 14. Web links above should take presedence over use of the list below.
A14: NB, Tree ferns (CYATHEACEAE) and Palms (PALMAE) have not been included in this list.
A16: Scientific name | B16: Common/Trade name | C16: Notes / Distribution
A18: Appendix I:
A19: Abies guatamalensis | B19: Guatemalan fir, Pinabete (Spanish) | C19: Central America
A20: Araucaria araucana | B20: Monkey-puzzle tree | C20: Chile and Argentina
A21: Balmea stormiae | B21: Ayugue | C21: El Salvador , Guatemala , Honduras , Mexico
A22: Dalbergia nigra | B22: Brazilian Rosewood | C22: Brazil
A23: Fitzroya cuppressoides | B23: Alerce, Patagonian cypress | C23: Costa Rica, Panama, Columbia
A24: Pilgerodendron uviferum | B24: Ciprès (French) | C24: Argentina, Chile
A25: Podocarpus parlatorei | B25: Parlatore's Podocarp | C25: Argentina, Bolivia, Peru
A27: Appendix II:
A28: Aquilaria spp. | B28: Agarwood | C28: Asia (all species)
A29: Caesalpinia echinata | B29: Pernabuco, pau Brazil, Brasileto (Portuguese) | C29: Logs, sawn wood, veneer sheets, including unfinished wood articles used for the fabrication of bows for stringed musical instruments.
A30: Caryocar costaricense | B30: Ajillo, Costus | C30: Colombia, Costa Rica, Panama
A31: Gonystylus spp. | B31: Ramin | C31: Asia (all species)
A32: Guaiacum spp. | B32: Lignum-vitae/Tree of life, Holywood | C32: Central America, Caribbean (all species)
A33: Gyrinops spp. | B33: Gaharu | C33: Asia (all species)
A34: Oreomunnea pterocarpa | B34: Gavilaan | C34: Costa Rica, Mexico, Panama
A35: Pericopsis elata | B35: Afrormosia, African teak | C35: Central and West Africa
C36: logs, sawn wood and veneers controlled only
A37: Platymiscium pleiostachyum | B37: Quira macawood, Cristóbal (Spanish) | C37: Central America
A38: Podophyllum hexandrum | B38: Himilayan may-apple | C38: Bhutan
A39: Prunus africana | B39: African cherry | C39: Africa & Madagascar
A40: Pterocarpus santalinus | B40: Red Sandalwood | C40: India
C41: logs, wood-chips and unprocessed broken material controlled only
A42: Swietana humilis | B42: Honduras Mahogany, Mexican mahogany | C42: Central America
A43: Swietana macrophylla | B43: Big-leaf Mahogany | C43: Central-South America
A44: Swietana mahagoni | B44: Caribbean mahogany, American mahogany | C44: USA, West Indies, Central America
C45: logs sawn wood and veneer sheets controlled only
A46: Taxus: chinensis | B46: Yew: Chinese
A47: cuspidata | B47: Japanese
A48: fauana | B48: Tibetan
A49: sumatrana | B49: Sumatran
A50: wallichiana | B50: Himalayan
A52: Appendix III:
A53: Bulnesia sarmientoi | C53: Argentina - Logs, sawn wood, veneer sheets, plywood, powder and extracts.
A54: Cedrela odorata | B54: Cigarbox Cedar, Spanish Cedar | C54: South&Central America (logs, sawn wood and veneer sheets only)
A55: Dalbergia retusa | B55: Cocobolo (Spanish) | C55: Guatemala - Logs, sawn wood and veneer sheets.
A56: Dalbergia stevensonii | B56: Honduras rosewood | C56: Guatemala - Logs, sawn wood and veneer sheets.
A57: Dipteryx panamensis | B57: Almendro | C57: Costa Rica, Panama, Colombia
A58: Magnolia liliifera var. obovata | B58: Safan, Champak, Magnolia | C58: Bhutan, China, India, Nepal
A59: Podocarpus nerifolius | B59: Yellow wood | C59: Asia
A60: Tetracentron sinense | B60: Tetracentrons | C60: Bhutan, China, India, Nepal, Myanmar
A61: Dalbergia tucurensis | B61: Yucatan Rosewood, Panama Rosewood, Nicaraguan Rosewood | C61: Nicaragua
A62: Fraxinus mandshurica | B62: Manchurian Ash | C62: Russia
A63: Quercus mongolica | B63: Mongolian Oak | C63: Russia
A65: What is controlled?
A66: 1 All parts and derivatives except:
A67: a) seeds, spores and pollen (including pollinia);
A68: b) seedling or tissue cultures obtained in vitro, in solid or liquid media, transported in sterile containers; and
A69: c) cut flowers of artificially propagated plants
A70: d) fruits and parts and derivatives thereof of artificially propagated plants of Vanilla
A71: 2 All parts and derivatives except:
A72: a) seeds and pollen; and
A73: b) finished products packaged and ready for retail
A74: 4 All parts and derivatives except:
A75: a) seeds (including seedpods of Orchidaceae,) spores and pollen (including pollenia). Exemption does not apply to seeds from Cactaceae spp. Exported from Mexico or seeds of Beccariophoenix madagascarensis and Neodypsis decaryi.
A76: b) seedling or tissue cultures obtained in vitro, in solid or liquid media, transported in sterile containers;
... A88: Soil Association Woodmark supports the inclusion of the following species in Appendix II; all are known to be in international trade and to be suffering or having already suffered substantial decline:
A89: Berchemia zeyheri | B89: Pink Ivorywood
A90: Chamaecyparis lawsoniana | B90: Port Orford cedar
A91: Dalbergia cearensis | B91: Kingwood
A92: Dalbergia frutescens | B92: Tulipwood
A93: Dalbergia latifolia | B93: Indian Rosewood, Sonokeling
A94: Dalbergia melanoxylon | B94: African Blackwood
A95: Diospyros celebica | B95: Macassar Ebony
A96: Diospyros crassiflora | B96: African Ebony
A97: Diospyros ebenum | B97: Sri Lankan Ebony
A98: Diospyros muni | B98: Thai Ebony
A99: Diospyros philippinensis | B99: Philippine Ebony
A100: Entandrophragma spp. | B100: Utile, Sapele, African Mahogany | C100: ( All 11 spp.)
A101: Khaya | B101: African Mahogany | C101: (All 7 spp.)

Sheet A5 additional info
A1: ANNEX 5 | B1: ADDITIONAL INFORMATION HELD BY WOODMARK:
A3: Copy Of Certificate And Associated Schedule
A4: Confidential Commercial Information
A5: Consultee list and copies of any responses sent to Woodmark

Sheet A10 Glossary
A1: ANNEX 10 GLOSSARY
A2: Abbreviations
A3: AAC | B3: Annual Allowable Cut
A4: AOC | B4: Area of Concern
A5: ASNW | B5: Ancient Semi-Natural Woodland
A6: AWS | B6: Annual Work Schedule
A7: BL | B7: Broadleaves
A8: Cmpt | B8: Compartment
A9: COC | B9: Chain of Custody
A10: CRO | B10: Conditions on Regular Operations
A11: EIA | B11: Environmental impact assessment
A12: FC | B12: UK Forestry Commission
A13: FM | B13: Forest Management
A14: FMU | B14: Forest Management Unit
... A32: UKWAS | B32: UK Woodland Assurance Scheme/Standard
A35: Definitions
A36: Biological diversity: | B36: The variability among living organisms from all sources including, inter alia, terrestrial, marine and other aquatic ecosystems and the ecological complexes of which they are a part; this includes diversity within species, between species and of ecosystems. (see Convention on Biological Diversity, 1992)
A38: Biological diversity values: | B38: The intrinsic, ecological, genetic, social, economic, scientific, educational, cultural, recreational and aesthetic values of biological diversity and its components. (see Convention on Biological Diversity, 1992)
A40: Biological control agents: | B40: Living organisms used to eliminate or regulate the population of other living organisms.
A42: Chain of custody: | B42: The channel through which products are distributed from their origin in the forest to their end-use.
A44: Chemicals: | B44: The range of fertilizers, insecticides, fungicides, and hormones which are used in forest management.
A46: Criterion (pl. Criteria): | B46: A means of judging whether or not a Principle (of forest stewardship) has been fulfilled.
A48: Customary rights: | B48: Rights which result from a long series of habitual or customary actions, constantly repeated, which have, by such repetition and by uninterrupted acquiescence, acquired the force of a law within a geographical or sociological unit.
A50: Ecosystem: | B50: A community of all plants and animals and their physical environment, functioning together as an interdependent unit.
A52: Endangered species: | B52: Any species which is in danger of extinction throughout all or a significant portion of its range.
A54: Exotic species: | B54: An introduced species not native or endemic to the area in question.
A56: Forest integrity: | B56: The composition, dynamics, functions and structural attributes of a natural forest.
A58: Forest management/manager: | B58: The people responsible for the operational management of the forest resource and of the enterprise, as well as the management system and structure, and the planning and field operations.
... A64: HCV 1 | B64: - concentrations of biodiversity values (e.g. endemism, endangered species, refugia); and/or
B65: - large landscape level forests, contained within, or containing the management unit, where viable populations of most if not all naturally occurring species exist in natural patterns of distribution and abundance
A66: HCV 2 | B66: f) forest areas that are in or contain rare, threatened or endangered ecosystems
A67: HCV 3 | B67: g) forest areas that provide basic services of nature in critical situations (e.g. watershed protection, erosion control)
A68: HCV 4 | B68: h) forest areas fundamental to meeting basic needs of local communities (e.g. subsistence, health) and/or critical to local communities’ traditional cultural identity (areas of cultural, ecological, economic or religious significance identified in cooperation with such local communities).
A70: Indigenous lands and territories: | B70: The total environment of the lands, air, water, sea, sea-ice, flora and fauna, and other resources which indigenous peoples have traditionally owned or otherwise occupied or used. (Draft Declaration of the Rights of Indigenous Peoples: Part VI)
A73: Indigenous peoples: | B73: "The existing descendants of the peoples who inhabited the present territory of a country wholly or partially at the time when persons of a different culture or ethnic origin arrived there from other parts of the world, overcame them and, by conquest, settlement, or other means reduced them to a non-dominant or colonial situation; who today live more in conformity with their particular social, economic and cultural customs and traditions than with the institutions of the country of which they now form a part, under State structure which incorporates mainly the national, social and cultural characteristics of other segments of the population which are predominant." (Working definition adopted by the UN Working Group on Indigenous Peoples).
A75: Landscape: | B75: A geographical mosaic composed of interacting ecosystems resulting from the influence of geological, topographical, soil, climatic, biotic and human interactions in a given area.
A77: Local laws: | B77: Includes all legal norms given by organisms of government whose jurisdiction is less than the national level, such as departmental, municipal and customary norms.
A79: Long term: | B79: The time-scale of the forest owner or manager as manifested by the objectives of the management plan, the rate of harvesting, and the commitment to maintain permanent forest cover. The length of time involved will vary according to the context and ecological conditions, and will be a function of how long it takes a given ecosystem to recover its natural structure and composition following harvesting or disturbance, or to produce mature or primary conditions.
A81: Native species: | B81: A species that occurs naturally in the region; endemic to the area.
A83: Natural cycles: | B83: Nutrient and mineral cycling as a result of interactions between soils, water, plants, and animals in forest environments that affect the ecological productivity of a given site.
A85: Natural Forest: | B85: Forest areas where many of the principal characteristics and key elements of native ecosystems such as complexity, structure and diversity are present, as defined by FSC approved national and regional standards of forest management.
A87: Non-timber forest products: | B87: All forest products except timber, including other materials obtained from trees such as resins and leaves, as well as any other plant and animal products.
... A103: Use rights: | B103: Rights for the use of forest resources that can be defined by local custom, mutual agreements, or prescribed by other entities holding access rights. These rights may restrict the use of particular resources to specific levels of consumption or particular harvesting techniques.

Sheet A11 Cert Decsn
B1: Woodmark Certification Decision
A2: Description of client / certificate holder
A3: Name: | B3: =Cover!D3 -> Ottawa Valley Forest Inc.
A4: Code: | B4: =Cover!D8 -> SA-FM/COC-002701
A5: Address: | B5: ='1 Basic Info'!C8 -> 195 Brazeau Rd., RR3, Pembroke, Ontario, K8A 6W4
A6: Country | B6: ='1 Basic Info'!C9 -> Canada
A7: # of sites: | B7: ='1 Basic Info'!C20 -> 1
A8: # of ha: | B8: ='1 Basic Info'!C41 -> 252327
A9: Presence of HCVs: | B9: yes
A10: Presence of indigenous people: | B10: no
A12: Summary of audit
A13: Type | B13: S1
A14: Names of auditors: | B14: =+Cover!D37 -> Milan Reška, Lead Auditor Larry Nall, Regional Expert
A15: Report Reviewer | B15: =+Cover!E37 -> Oliviu Iorgu
A16: Woodmark staff member recommending certification decision | B16: Janette McKay
A18: Report summary
A19: # of pre-conditions | B19: N/A
A20: # of MAJOR conditions | B20: 0
A21: # of minor conditions | B21: 1
A22: # of observations | B22: 0
A23: Describe any potentially contentious issues. | B23: None
A24: Location of report | B24: Filed under: Forestry/Certification records
A26: Recommendation
A27: I have reviewed the report of this assessment (including stakeholder consultation and peer review summary as appropriate) and | B27: I recommend that the certification decision for approval by Woodmark SA Cert subject to compliance with the CARs listed above.
B28: I recommend that the certification decision is referred to the SA certification committee for approval.
B29: I recommend that the certificate be withdrawn/suspended/terminated
A30: Date: | B30: 16.10.2016
A32: Approval
A33: Certification decision: | B33: Approved: Maintain /grant certification
B34: Certification subject to closure of Pre-conditions
B35: withdraw/suspend/terminate certification
A36: Name: | B36: Janette McKay
A37: Signed on behalf of Soil Association Certification Ltd:
A38: Date: | B38: 42669
A40: Woodmark • South Plaza • Marborough Street • Bristol • BS1 3NX • United Kingdom
A41: Telephone (+44) (0) 117 914 2435 • Fax (+44) (0) 117 314 5001
A42: Email wm@soilassociation.org ● www.sacert.org/woodmark
A44: Soil Association Certification Ltd • Company Registration No. 726903
A45: A wholly-owned subsidiary of the Soil Association Charity No. 20686

Sheet A12 Product schedule
B1: Product Schedule
A3: This schedule details the products which are included in the scope of the company's certification. It shall accompany the FSC® certificate. If the product scope changes a new schedule will be issued.
A5: Certificate scope including products and certified sites may also be checked on the FSC web database www.info.fsc.org
A6: Description of client / certificate holder
A7: Name: | B7: ='1 Basic Info'!C6 -> Ottawa Valley Forest Inc.
A8: Address: | B8: ='1 Basic Info'!C8 -> 195 Brazeau Rd., RR3, Pembroke, Ontario, K8A 6W4
A9: Country | B9: ='1 Basic Info'!C9 -> Canada
A10: Certificate Code: | B10: =Cover!D8 -> SA-FM/COC-002701
A11: FSC TM Licence code | B11: =Cover!D9 -> FSC-C102825
A12: Type of certificate | B12: ='1 Basic Info'!C18 -> Single
A13: Date of issue: | B13: =Cover!D10 -> 16th November 2015 | C13: Date of expiry: | D13: =Cover!D11 -> 15th November 2020
A15: Product Groups available from this certificate holder include:
A16: FSC Status | B16: Product type | C16: Product code | D16: Species
A17: FSC 100% | B17: Roundwood | C17: W1.1 | D17: Abies balsamea, Larix laricina, Juniperus virginiana, Picea glauca, Picea rubens, Picea mariana, Pinus resinosa, Pinus strobus, Pinus banksiana, Pinus sylvestris, Thuja occidentalis, Tsuga canadensis, Acer rubrum, Acer saccharum, Acer saccharinum, Betula alleghaniensis, Betula papyrifera, Fagus grandifolia, Fraxinus pennsylvanica, Fraxinus nigra,Fraxinus americana, Juglans cinerea, Populus balsamifera, Populus grandidentata, Populus tremuloides, Prunus serotina, Quercus alba, Quercus rubra, Quercus macrocarpa, Tilia americana, Ulmus americana
A18: FSC 100% | B18: Fuel wood | C18: W1.2 | D18: Acer rubrum, Acer saccharum, Acer saccharinum, Betula alleghaniensis, Betula papyrifera, Fagus grandifolia, Fraxinus pennsylvanica, Fraxinus nigra,Fraxinus americana, Juglans cinerea, Populus balsamifera, Populus grandidentata, Populus tremuloides, Prunus serotina, Quercus alba, Quercus rubra, Quercus macrocarpa, Tilia americana, Ulmus americana
A21: Approval
A22: Name:
A23: Signed:
A24: Date:
A26: Woodmark • South Plaza, Marlborough Street, Bristol, BS1 3NX • United Kingdom
A27: Telephone (+44) (0) 117 914 2435 • Fax (+44) (0) 117 314 5001
A28: Email wm@soilassociation.org ● www.sacert.org/woodmark
A30: Soil Association Certification Ltd • Company Registration No. 726903
A31: A wholly-owned subsidiary of the Soil Association Charity No. 20686

Sheet A13 ILO Conventions
B1: ANNEX 13. ILO Conventions
B2: NB: ADD list of ratified conventions below (from row 33)
B3: FSC Policy on ILO conventions taken from FSC-POL-30-401 FSC certification and ILO conventions]
B4: Following the FSC policy document “FSC and the ILO Conventions” endorsed at the 24th Board Meeting of March 2002, compliance with all ILO Conventions relevant for forestry is a requirement for FSC forest management certification. The relevant ILO Labour Conventions are as follows. ILO Convention 87 and 98 are printed in full. Conventions number 29, 87, 98, 100, 105, 111, 138, and 182 are Core Standards covered by the 1998 ILO Declaration on Fundamental Principles and Rights at Work and its follow-up.
B6: 1. Forest managers are legally obliged to comply with all ILO conventions that are ratified in that country.
B7: 2. Forest mangers are expected to comply with the eight core (fundamental) ILO conventions in all ILO member countries, by virtue of their country’s ILO membership, even if not all the conventions have been ratified.
B8: 3. FSC’s policy for voluntary certification expects managers to comply with all conventions listed in Annex 2 [of FSC-POL-30-401 FSC certification and ILO conventions], in all countries (including countries which are not ILO members, and have not ratified the conventions).
B10: The following conventions represent consensus among the 170 member countries of ILO, and have been adopted/endosed by the International Labour conference or the Governing body of ILO: (Core conventions highlighted in bold)
A12: 29 | B12: Forced Labour Convention, 1930
A13: 87 | B13: Freedom of association and protection of the right to organize conventions, 1948.
A14: 97 | B14: Migration for employment (revised) convention, 1949.
A15: 98 | B15: Right to organize and collective bargaining convention, 1949.
A16: 100 | B16: Equal remuneration convention, 1951.
A17: 105 | B17: Abolition of forced labour convention, 1957.
A18: 111 | B18: Discrimination (occupation and employment) convention, 1958.
A19: 131 | B19: Minimum Wage fixing convention, 1970.
A20: 138 | B20: Minimum age convention, 1973.
A21: 141 | B21: Rural workers organizations convention, 1975.
A22: 142 | B22: Human Resources Development Convention, 1975
A23: 143 | B23: Migrant Workers (Supplementary Provisions) Convention, 1975
... A26: 182 | B26: Worst Forms of Child Labour Convention, 199
B28: ILO Code of Practice on Safety and Health in Forestry Work.
B29: Recommendation 135 Minimum Wage Fixing Recommendation, 1970
B31: ILO Conventions ratified in [name of country] (see http://www.ilo.org/ilolex/english/index.htm for information)
B32: [add list of ratified conventions below]

Sheet A14 Product Codes
A1: Annex 14. FSC® Product Codes
A2: FSC Product Codes
A3: According to this new classification, product groups shall be defined using the product types provided in any of the levels (level 1, level 2, level 3), with the condition that the product groups established comply with the “product group” definition and requirements of FSC-STD-40-004. It means that the product types included in each product group shall share similar specifications in relation to quality of inputs and conversion factors."
A4: Level 1 | B4: Level 2 | C4: Level 3 | D4: Examples
A5: W1 | B5: W1.1
A6: Rough wood | B6: Roundwood (logs)
B7: W1.2
B8: Fuel wood
B9: W1.3
B10: Twigs
A11: W2 | D11: E.g. Barbecue charcoal
A12: Wood charcoal
A13: W3 | B13: W3.1
A14: Wood in chips or particles | B14: Wood chips
B15: W3.2
B16: Sawdust
B17: W3.3
B18: Wood shavings
B19: W3.4
B20: Wood wool
B21: W3.5
B22: Wood flour
B23: W3.6
B24: Wood pellets
B25: W3.7
B26: Sawdust briquettes
A27: W4 | B27: W4.1
A28: Impregnated/treated wood | B28: Impregnated roundwood
B29: W4.2
B30: Impregnated railway sleepers/ties
B31: W4.3 | C31: W4.3.1
B32: Treated dimensional lumber, timber or plywood | C32: Treated glued laminated timber
C33: W4.3.2
C34: Treated finger jointed lumber
A35: W5 | B35: W5.1
A36: Solid wood (sawn, chipped, sliced or peeled) | B36: Flitches and boules
B37: W5.2 | D37: E.g. Lumber core, rough-cut lumber, blockboard, stave core board
B38: Solid wood boards
B39: W5.3
B40: Beams
B41: W5.4
B42: Planks
B43: W5.5
B44: Poles and piles
B45: W5.6 | D45: E.g. Railroad tie
B46: Railway sleepers/ties, not impregnated
B47: W5.7 | D47: E.g. Wood blocks, friezes, strips.
B48: Raw wood for parquet flooring
B49: W5.8
B50: Slabs and edgings
B51: W5.9
B52: Pencil slats
A53: W6 | B53: W6.1
A54: Products from planing mill | B54: Dimensional timber and lumber, finished
B55: W6.2
B56: Non-dimensional timber and lumber
B57: W6.3
B58: Boards, finished
A59: W7 | B59: W7.1
A60: Veneer | B60: Peeled veneer
B61: W7.2
B62: Sliced veneer
B63: W7.3
B64: Sawn veneer
B65: W7.4
B66: Veneer strips
A67: W8 | B67: W8.1 | C67: W8.1.1
A68: Wood panels | B68: Plywood | C68: Laminboard
C69: W8.1.2
C70: Veneer plywood
B71: W8.2 | C71: W8.2.1
B72: Particleboard | C72: Melamine particleboard
C73: W8.2.2
C74: Veneered particleboard
C75: W8.2.3
C76: Oriented Strand Board (OSB)
C77: W8.2.4
C78: Smooth-surface panel
C79: W8.2.5
C80: Wood cement particleboard
C81: W8.2.6
C82: Plasterboard
C83: W8.2.7
C84: Strawboard
... C86: Graded particleboard
B87: W8.3 | C87: W8.3.1
B88: Fibreboard | C88: High-density fibreboard (HDF)
C89: W8.3.2
C90: Medium-density fibreboard (MDF)
C91: W8.3.3 | D91: E.g. (noise-)insulating boards
C92: Softboard
C93: W8.3.4
C94: Medium-hard-fibreboard
A95: W9 | B95: W9.1
A96: Engineered wood products | B96: Finger jointed wood
B97: W9.2
B98: Laminated veneer lumber (LVL)
B99: W9.3
B100: Parallel strand lumber (PSL)
B101: W9.4
...

Sheet 7 S2
A1: 7 | B1: SECOND SURVEILLANCE - edit text in blue as appropriate and change to black text before submitting report for review
A2: 7.1 | B2: Surveillance Assessment dates
A5: 7.2 | B5: Estimate of person days to complete surveillance assessment
B6: Summary of person days including time spent on preparatory work, actual audit days, consultation and report writing (excluding travel)
A8: 7.3 | B8: Surveillance Assessment team
B9: The assessment team consisted of:
B10: 1) Please include: Name and 3 line description of key qualifications and experience
B11: 2) Please include: Name and 3 line description of key qualifications and experience
B12: 3) Please include: Name and 3 line description of key qualifications and experience
B13: Team members’ c.v.’s are held on file.
A15: 7.3.1 | B15: Report author
A18: 7.4 | B18: Assessment process
B19: E.g. The assessment involved review of relevant group and management planning documentation and records, site visits, discussion with forest managers and workers and completion of the group and forest management checklists. The number of sites selected was based on the sampling calculation given in Annex 8. Sites were selected to include areas of recent or on-going operations, areas of public access, areas of conservation value and to include group members not previously visited by Woodmark.
A21: 7.4.1 | B21: Criteria assessed at audit
B22: All FSC principles and criteria were assessed
A23: OR | B23: Criteria were selected for assessment based on •areas of potential weakness /related to previous CARs or issues, • related to stakeholder comments received, • where there have been changes in management/scope, • relating to key objectives and on going activities and • to ensure that all principles are assessed at least once during the 4 surveillance visits.
B24: The following criteria were assessed:
A26: 7.5 | B26: Stakeholder consultation
B27: x consultees were contacted
B28: x responses were received
B29: Consultation was carried out on day/month/200x
B30: x visits/interviews were held by phone/in person during audit…
B31: See A2 for summary of issues raised by stakeholders and Woodmark response
A33: 7.6 | B33: Review of corrective actions
B34: Action taken in relation to previously issued conditions is reviewed given in Section 2 of this report.
A36: 7.7 | B36: Justification for selection of items and places inspected
B37: E.g. compartment 15 visited 12.5.05, harvesting in progress observed, contractors interviewed, yield control discussed with manager.
B38: E.g. management planning documentation and records reviewed in office with manager 13.5.06
B39: etc.
A42: 7.7.1 | B42: Records reviewed (all types of certificate):
A43: a) | B43: Complaints received
B44: None OR describe any complaints received by forest manager/owner and how dealt with
A45: b) | B45: Number of accidents in forest work (serious / fatal) since last audit:
B46: Whole group:
A47: c) | B47: List of chems with quantative data and rationale in past year:
B48: Whole group:
A49: d) | B49: Training records:
B50: describe results of review of training records
A51: e) | B51: Operational plan(s) for next 12 months:
A53: f) | B53: Inventory records:
A55: g) | B55: Harvesting records:
A57: h) | B57: Records of sales of FSC certified products:
B58: describe copies of invoices, shipping documents seen
A59: i) | B59: Groups only: Formal communication/written documents sent to group members by group manager in last year:
A62: 7.8 | B62: Tracking, tracing and identification of products
A66: 7.9 | B66: Secondary Processing by Forest Manager
B67: None/Subject of separate Chain of Custody report
A70: 7.1 | B70: Adaptations/Modifications to the Standard(s)
B71: There were no changes to the standard used in the previous assessment
A73: 7.11 | B73: Confirmation of scope
B74: The assessment team reviewed the current scope of the certificate in terms of FSC certified forest area and products being produced. There was no change since the previous evaluation.
A76: 7.12 | B76: Changes to management situation
B77: The assessment team reviewed the management situation. No material changes to the management situation were noted.
A79: 7.13 | B79: Results of surveillance assessment
B80: Results of the surveillance assessment are recorded in the standard and checklist Annex 1 and any Non-compliances identified are given in Section 2 of this report. See also Issues arising below.
A82: 7.14 | B82: Issues arising
B83: Where an issue was difficult to assess or contradictory evidence was identified this is discussed in the section below as an Issue and the conclusions drawn given.
A84: Ref | B84: Issue
A85: WGCS x.x
A86: FSC x.x
A87: UKWAS x.x, FSC x.x
A88: etc

Sheet 8 S3
A1: 8 | B1: THIRD SURVEILLANCE - edit text in blue as appropriate and change to black text before submitting report for review
A2: 8.1 | B2: Surveillance Assessment dates
A5: 8.2 | B5: Estimate of person days to complete surveillance assessment
B6: Summary of person days including time spent on preparatory work, actual audit days, consultation and report writing (excluding travel)
A8: 8.3 | B8: Surveillance Assessment team
B9: The assessment team consisted of:
B10: 1) Please include: Name and 3 line description of key qualifications and experience
B11: 2) Please include: Name and 3 line description of key qualifications and experience
B12: 3) Please include: Name and 3 line description of key qualifications and experience
B13: Team members’ c.v.’s are held on file.
A15: 8.3.1 | B15: Report author
A18: 8.4 | B18: Assessment process
B19: E.g. The assessment involved review of relevant group and management planning documentation and records, site visits, discussion with forest managers and workers and completion of the group and forest management checklists. The number of sites selected was based on the sampling calculation given in Annex 8. Sites were selected to include areas of recent or on-going operations, areas of public access, areas of conservation value and to include group members not previously visited by Woodmark.
A21: 8.4.1 | B21: Criteria assessed at audit
B22: All FSC principles and criteria were assessed
A23: OR | B23: Criteria were selected for assessment based on •areas of potential weakness /related to previous CARs or issues, • related to stakeholder comments received, • where there have been changes in management/scope, • relating to key objectives and on going activities and • to ensure that all principles are assessed at least once during the 4 surveillance visits.
B24: The following criteria were assessed:
A26: 8.5 | B26: Stakeholder consultation
B27: x consultees were contacted
B28: x responses were received
B29: Consultation was carried out on day/month/200x
B30: x visits/interviews were held by phone/in person during audit…
B31: See A2 for summary of issues raised by stakeholders and Woodmark response
A33: 8.6 | B33: Review of corrective actions
B34: Action taken in relation to previously issued conditions is reviewed given in Section 2 of this report.
A36: 8.7 | B36: Justification for selection of items and places inspected
B37: E.g. compartment 15 visited 12.5.05, harvesting in progress observed, contractors interviewed, yield control discussed with manager.
B38: E.g. management planning documentation and records reviewed in office with manager 13.5.06
B39: etc.
A42: 8.7.1 | B42: Records reviewed (all types of certificate):
A43: a) | B43: Complaints received
B44: None OR describe any complaints received by forest manager/owner and how dealt with
A45: b) | B45: Number of accidents in forest work (serious / fatal) since last audit:
B46: Whole group:
A47: c) | B47: List of chems with quantative data and rationale in past year:
B48: Whole group:
A49: d) | B49: Training records:
B50: describe results of review of training records
A51: e) | B51: Operational plan(s) for next 12 months:
A53: f) | B53: Inventory records:
A55: g) | B55: Harvesting records:
A57: h) | B57: Records of sales of FSC certified products:
B58: describe copies of invoices, shipping documents seen
A59: i) | B59: Groups only: Formal communication/written documents sent to group members by group manager in last year:
A62: 8.8 | B62: Tracking, tracing and identification of products
A66: 8.9 | B66: Secondary Processing by Forest Manager
B67: None/Subject of separate Chain of Custody report
A69: 8.1 | B69: Adaptations/Modifications to the Standard(s)
B70: There were no changes to the standard used in the previous assessment
A72: 8.11 | B72: Confirmation of scope
B73: The assessment team reviewed the current scope of the certificate in terms of FSC certified forest area and products being produced. There was no change since the previous evaluation.
A75: 8.12 | B75: Changes to management situation
B76: The assessment team reviewed the management situation. No material changes to the management situation were noted.
A78: 8.13 | B78: Results of surveillance assessment
B79: Results of the surveillance assessment are recorded in the standard and checklist Annex 1 and any Non-compliances identified are given in Section 2 of this report. See also Issues arising below.
A81: 8.14 | B81: Issues arising
B82: Where an issue was difficult to assess or contradictory evidence was identified this is discussed in the section below as an Issue and the conclusions drawn given.
A83: Ref | B83: Issue
A84: WGCS x.x
A85: FSC x.x
A86: UKWAS x.x, FSC x.x
A87: etc

Sheet 9 S4
A1: 9 | B1: FOURTH SURVEILLANCE - edit text in blue as appropriate and change to black text before submitting report for review
A2: 9.1 | B2: Surveillance Assessment dates
A5: 9.2 | B5: Estimate of person days to complete surveillance assessment
B6: Summary of person days including time spent on preparatory work, actual audit days, consultation and report writing (excluding travel)
A8: 9.3 | B8: Surveillance Assessment team
B9: The assessment team consisted of:
B10: 1) Please include: Name and 3 line description of key qualifications and experience
B11: 2) Please include: Name and 3 line description of key qualifications and experience
B12: 3) Please include: Name and 3 line description of key qualifications and experience
B13: Team members’ c.v.’s are held on file.
A15: 9.3.1 | B15: Report author
A18: 9.4 | B18: Assessment process
B19: E.g. The assessment involved review of relevant group and management planning documentation and records, site visits, discussion with forest managers and workers and completion of the group and forest management checklists. The number of sites selected was based on the sampling calculation given in Annex 8. Sites were selected to include areas of recent or on-going operations, areas of public access, areas of conservation value and to include group members not previously visited by Woodmark.
A21: 9.4.1 | B21: Criteria assessed at audit
B22: All FSC principles and criteria were assessed
A23: OR | B23: Criteria were selected for assessment based on •areas of potential weakness /related to previous CARs or issues, • related to stakeholder comments received, • where there have been changes in management/scope, • relating to key objectives and on going activities and • to ensure that all principles are assessed at least once during the 4 surveillance visits.
B24: The following criteria were assessed:
A26: 9.5 | B26: Stakeholder consultation
B27: x consultees were contacted
B28: x responses were received
B29: Consultation was carried out on day/month/200x
B30: x visits/interviews were held by phone/in person during audit…
B31: See A2 for summary of issues raised by stakeholders and Woodmark response
A34: 9.6 | B34: Review of corrective actions
B35: Action taken in relation to previously issued conditions is reviewed given in Section 2 of this report.
A37: 9.7 | B37: Justification for selection of items and places inspected
B38: E.g. compartment 15 visited 12.5.05, harvesting in progress observed, contractors interviewed, yield control discussed with manager.
B39: E.g. management planning documentation and records reviewed in office with manager 13.5.06
B40: etc.
A43: 9.7.1 | B43: Records reviewed (all types of certificate):
A44: a) | B44: Complaints received
B45: None OR describe any complaints received by forest manager/owner and how dealt with
A46: b) | B46: Number of accidents in forest work (serious / fatal) since last audit:
B47: Whole group:
A48: c) | B48: List of chems with quantative data and rationale in past year:
B49: Whole group:
A50: d) | B50: Training records:
B51: describe results of review of training records
A52: e) | B52: Operational plan(s) for next 12 months:
A54: f) | B54: Inventory records:
A56: g) | B56: Harvesting records:
A58: h) | B58: Records of sales of FSC certified products:
B59: describe copies of invoices, shipping documents seen
A60: i) | B60: Groups only: Formal communication/written documents sent to group members by group manager in last year:
A63: 9.8 | B63: Tracking, tracing and identification of products
A67: 9.9 | B67: Secondary Processing by Forest Manager
B68: None/Subject of separate Chain of Custody report
A70: 9.1 | B70: Adaptations/Modifications to the Standard(s)
B71: There were no changes to the standard used in the previous assessment
A73: 9.11 | B73: Confirmation of scope
B74: The assessment team reviewed the current scope of the certificate in terms of FSC certified forest area and products being produced. There was no change since the previous evaluation.
A76: 9.12 | B76: Changes to management situation
B77: The assessment team reviewed the management situation. No material changes to the management situation were noted.
A79: 9.13 | B79: Results of surveillance assessment
B80: Results of the surveillance assessment are recorded in the standard and checklist Annex 1 and any Non-compliances identified are given in Section 2 of this report. See also Issues arising below.
A82: 9.14 | B82: Issues arising
B83: Where an issue was difficult to assess or contradictory evidence was identified this is discussed in the section below as an Issue and the conclusions drawn given.
A84: Ref | B84: Issue
A85: WGCS x.x
A86: FSC x.x
A87: UKWAS x.x, FSC x.x
A88: etc
